 Dungeon Crawl Stone Soup version 0.24.0-7-gb3623d2c88 (webtiles) character file.

Game seed: 5052632312872411677, levelgen mode: deterministic

463199 deadmann the Hoplite (level 23, -4/228 HPs)
             Began as a Minotaur Fighter on Nov 2, 2019.
             Was a High Priest of the Shining One.
             Slain by Fewnecva the pandemonium lord (9 damage)
             ... on level 4 of a ziggurat.
             The game lasted 04:42:22 (51421 turns).

deadmann the Hoplite (Minotaur Fighter)            Turns: 51421, Time: 04:42:23

Health: -4/228     AC: 50    Str: 27    XL:     23   Next: 40%
Magic:  3/41       EV:  7    Int: -2 (4) God:    the Shining One [*****.]
Gold:   396        SH: 48    Dex: 21    Spells: 22/22 levels left

rFire    + + +     SeeInvis .   a - +9 broad axe of Terra Nullius {protect, rF+ rC+ MR+ MP+9}
rCold    + + .     Gourm    .   j - +10 large shield of Ignorance {rN+ Int-4}
rNeg     + + +     Faith    +   i - +14 crystal plate armour
rPois    +         Spirit   .   (helmet unavailable)
rElec    +         Reflect  .   V - scarf {repulsion}
rCorr    .         Harm     .   e - +1 pair of gloves
MR       ++...                  P - +1 pair of boots "Echaicw" {Regen+ Int+7}
Stlth    ..........             D - amulet of faith
HPRegen  0.88/turn              F - ring of Seupnaej {rF+ Str+3 Int-4 Dex+4}
MPRegen  0.27/turn              p - ring of Creativity {+Inv rElec rPois rF++ rC+ Stlth-}

@: divine shield, very slightly contaminated, slowed, lost intelligence,
glowing, studying 2 skills, repel missiles, very slow
A: retaliatory headbutt, horns 3, iridescent scales 1
}: 2/15 runes: decaying, serpentine
a: Divine Shield, Cleansing Flame, Summon Divine Warrior, Renounce Religion,
Evoke Invisibility


You were on level 4 of a ziggurat.
You worshipped the Shining One.
The Shining One was extremely pleased with you.
You were not hungry.

You visited 9 branches of the dungeon, and saw 43 of its levels.
You visited the Abyss 1 time.
You visited 1 bazaar.
You visited 1 ziggurat, and saw 4 of its levels.
You also visited: Volcano.

You collected 6328 gold pieces.
You spent 5932 gold pieces at shops.

Inventory:

Hand Weapons
 a - the +9 broad axe of Terra Nullius (weapon) {protect, rF+ rC+ MR+ MP+9}
   (You bought it in a shop on level 7 of the Dungeon)

   It grants its wielder temporary protection when it strikes (+7 to AC).
   It protects you from fire.
   It protects you from cold.
   It affects your resistance to hostile enchantments.
   It affects your magic capacity (+9).
Armour
 e - a +1 pair of gloves (worn)
 i - a +14 crystal plate armour (worn)
 j - the +10 large shield of Ignorance (worn) {rN+ Int-4}
   (You acquired it on level 3 of the Elven Halls)

   It affects your intelligence (-4).
   It protects you from negative energy.
 P - the +1 pair of boots "Echaicw" (worn) {Regen+ Int+7}
   (You found it on level 9 of the Dungeon)

   It affects your intelligence (+7).
   It increases your rate of regeneration.
 V - a scarf of repulsion (worn)
Jewellery
 h - an uncursed ring of flight
 o - an uncursed ring of protection from magic
 p - the ring of Creativity (right hand) {+Inv rElec rPois rF++ rC+ Stlth-}
   (You took it off a deep elf master archer on level 3 of the Elven Halls)

   [ring of protection from cold]

   It greatly protects you from fire.
   It protects you from cold.
   It insulates you from electricity.
   It protects you from poison.
   It lets you turn invisible.
   It makes you less stealthy.
 D - an amulet of faith (around neck)
 F - the ring of Seupnaej (left hand) {rF+ Str+3 Int-4 Dex+4}
   (You bought it in a shop on level 7 of the Dungeon)

   [ring of protection from fire]

   It affects your strength (+3).
   It affects your intelligence (-4).
   It affects your dexterity (+4).
   It protects you from fire.
 W - an uncursed ring of see invisible
Wands
 c - a wand of acid (22)
 n - a wand of polymorph (17)
 v - a wand of disintegration (50)
 B - a wand of flame (37)
 K - a wand of paralysis (33)
 N - a wand of digging (27)
 Z - a wand of iceblast (27)
Scrolls
 b - 2 scrolls of summoning
 g - 11 scrolls of enchant weapon
 l - 16 scrolls of teleportation
 q - 6 scrolls of amnesia
 E - a scroll of silence
 G - 6 scrolls of magic mapping
 H - 10 scrolls of fog
 J - a scroll of brand weapon
 L - 16 scrolls of remove curse
 M - 21 scrolls of identify
 O - 2 scrolls of blinking
 Q - 4 scrolls of fear
 T - 3 scrolls of holy word
Potions
 d - 3 potions of might
 k - 9 potions of curing
 m - 3 potions of invisibility
 r - 7 potions of flight
 s - 7 potions of lignification
 t - 8 potions of agility
 w - a potion of heal wounds
 A - a potion of cancellation
 C - a potion of ambrosia
 I - 3 potions of berserk rage
 S - 8 potions of haste
 X - 4 potions of resistance
Books
 x - a manual of Stealth
 z - a manual of Invocations
Miscellaneous
 u - 2 sacks of spiders
 y - a fan of gales
 R - 3 phantom mirrors
 U - a lamp of fire
Comestibles
 f - 67 rations


   Skills:
 + Level 23.7 Fighting
 - Level 18.0 Axes
 + Level 23.3 Armour
 - Level 25.0 Shields
 - Level 14.0 Invocations


You had 22 spell levels left.
You didn't know any spells.
Your spell library contained the following spells:

 Spells                   Type           Power        Failure   Level  Hunger
 Animate Skeleton         Necr           N/A          100%        1    ##.....
 Apportation              Tloc           #.....       100%        1    ##.....
 Confusing Touch          Hex            #.....       100%        1    ##.....
 Corona                   Hex            #......      100%        1    ##.....
 Flame Tongue             Conj/Fire      #....        100%        1    ##.....
 Freeze                   Ice            #...         100%        1    ##.....
 Pain                     Necr           #...         100%        1    ##.....
 Shock                    Conj/Air       #...         100%        1    ##.....
 Sting                    Conj/Pois      #...         100%        1    ##.....
 Summon Butterflies       Summ           #.......     100%        1    ##.....
 Summon Small Mammal      Summ           #...         100%        1    ##.....
 Corpse Rot               Necr           N/A          100%        2    ###....
 Ensorcelled Hibernation  Hex/Ice        #.....       100%        2    ###....
 Passwall                 Tmut/Erth      #.......     100%        2    ###....
 Poisonous Vapours        Pois/Air       #.....       100%        2    ###....
 Sublimation of Blood     Necr           #.........   100%        2    ###....
 Swiftness                Chrm/Air       #.......     100%        2    ###....
 Throw Flame              Conj/Fire      #.....       100%        2    ###....
 Throw Frost              Conj/Ice       #.....       100%        2    ###....
 Call Canine Familiar     Summ           #.......     100%        3    ####...
 Confuse                  Hex            #.......     100%        3    ####...
 Conjure Flame            Conj/Fire      #.......     100%        3    ####...
 Dazzling Spray           Conj/Hex       #.....       100%        3    ####...
 Ignite Poison            Fire/Tmut/Pois #.......     100%        3    ####...
 Inner Flame              Hex/Fire       #.......     100%        3    ####...
 Lesser Beckoning         Tloc           #.........   100%        3    ####...
 Mephitic Cloud           Conj/Pois/Air  #.......     100%        3    ####...
 Ozocubu's Armour         Chrm/Ice       #.......     100%        3    ####...
 Regeneration             Chrm/Necr      #.........   100%        3    ####...
 Static Discharge         Conj/Air       #.......     100%        3    ####...
 Summon Guardian Golem    Hex/Summ       #.......     100%        3    ####...
 Tukima's Dance           Hex            #.......     100%        3    ####...
 Vampiric Draining        Necr           #.........   100%        3    ####...
 Airstrike                Air            #.........   100%        4    #####..
 Animate Dead             Necr           N/A          100%        4    #####..
 Cause Fear               Hex            #.........   100%        4    #####..
 Force Lance              Conj/Tloc      #.......     100%        4    #####..
 Olgreb's Toxic Radiance  Pois           #.......     100%        4    #####..
 Passage of Golubria      Tloc           N/A          100%        4    #####..
 Sticky Flame             Conj/Fire      #.......     100%        4    #####..
 Summon Ice Beast         Ice/Summ       #.......     100%        4    #####..
 Summon Lightning Spire   Summ/Air       #.......     100%        4    #####..
 Throw Icicle             Conj/Ice       #.......     100%        4    #####..
 Agony                    Necr           #.......     100%        5    ######.
 Alistair's Intoxication  Tmut/Pois      #.......     100%        5    ######.
 Bolt of Draining         Conj/Necr      #.........   100%        5    ######.
 Bolt of Magma            Conj/Fire/Erth #.........   100%        5    ######.
 Borgnjor's Vile Clutch   Necr/Erth      #.........   100%        5    ######.
 Dispel Undead            Necr           #.......     100%        5    ######.
 Excruciating Wounds      Chrm/Necr      #.........   100%        5    ######.
 Fireball                 Conj/Fire      #.........   100%        5    ######.
 Iskenderun's Battlesphe  Conj/Chrm      #.......     100%        5    ######.
 Lee's Rapid Deconstruct  Erth           #.........   100%        5    ######.
 Lightning Bolt           Conj/Air       #.........   100%        5    ######.
 Silence                  Hex/Air        #.........   100%        5    ######.
 Venom Bolt               Conj/Pois      #.........   100%        5    ######.
 Yara's Violent Unravell  Hex/Tmut       #.........   100%        5    ######.
 Bolt of Cold             Conj/Ice       #.........   100%        6    #######
 Bolt of Fire             Conj/Fire      #.........   100%        6    #######
 Darkness                 Hex            #.........   100%        6    #######
 Deflect Missiles         Chrm/Air       #.........   100%        6    #######
 Invisibility             Hex            #.......     100%        6    #######
 Iron Shot                Conj/Erth      #.........   100%        6    #######
 Shadow Creatures         Summ           N/A          100%        6    #######
 Haunt                    Necr/Summ      #.........   100%        7    #######
 Orb of Destruction       Conj           #.........   100%        7    #######
 Ring of Flames           Chrm/Fire      #.........   100%        7    #######
 Spellforged Servitor     Conj/Summ      #.........   100%        7    #######
 Borgnjor's Revivificati  Necr           #.........   100%        8    #######
 Death's Door             Chrm/Necr      #.........   100%        8    #######
 Discord                  Hex            #.........   100%        8    #######
 Ignition                 Fire           #.........   100%        8    #######
 Infestation              Necr           #.........   100%        8    #######
 Necromutation            Tmut/Necr      #.........   100%        8    #######
 Shatter                  Erth           #.........   100%        9    #######
 Tornado                  Air            #.........   100%        9    #######


Dungeon Overview and Level Annotations

Branches:
Dungeon (15/15)            Temple (1/1) D:4            Lair (6/6) D:9
  Swamp (4/4) Lair:3        Snake (4/4) Lair:2        Slime (0/5) Lair:5
    Orc (2/2) D:11            Elf (3/3) Orc:2        Vaults (4/5) D:14
  Crypt (0/3) Vaults:2     Depths (4/5) D:15        Volcano (visited)

Altars:
Ashenzari
Cheibriados
Dithmenos
Elyvilon
Fedhas
Gozag
Hepliaklqana
Kikubaaqudgha
Makhleb
Nemelex Xobeh
Okawaru
Qazlal
Ru
Sif Muna
Trog
Uskayaw
Vehumet
Wu Jian
Xom
Yredelemnul
Zin
The Shining One
Beogh

Shops:
D:7 ([=::   D:9 *   D:10 :   D:11 %[   D:14 ((}   Orc:2 [=*(   Elf:1 (}(
Elf:3 *   Snake:2 ==}   Snake:3 ?(*[   Snake:4 }   Vaults:2 :}*

Portals:
Hell: Depths:2 Depths:3
Abyss: Depths:1 Depths:2
Pandemonium: Depths:3

Annotations:
Lair:1 exclusion: oklob plant
Snake:3 1 exclusion
Snake:4 1 exclusion
Vaults:4 exclusions: 2 angels and 1 more exclusion
Zig:4 exclusions: 2 ice statues, obsidian statue and orange crystal statue


Innate Abilities, Weirdness & Mutations

You reflexively headbutt those who attack you in melee.
You have a pair of large horns on your head.
You are partially covered in iridescent scales. (AC +2)


Message History

The quasit bites your angel but does no damage.
The quasit claws your angel but does no damage.
The quasit claws your angel. The Ice Fiend gestures at you.
The bolt of cold hits the ice statue.
The ice statue completely resists.
The bolt of cold hits you but does no damage.
The ufetubus hits you but does no damage.
You block the ufetubus's attack. You block the cacodemon's attack.
The cacodemon hits you but does no damage.
The orange demon stings you but does no damage.
The shadow demon gestures.
The orange demon stings you but does no damage.
The orange crystal statue fixes its piercing gaze on you.
Something tries to feed on your intellect!
The orange demon stings you from afar.
* * * LOW HITPOINT WARNING * * *
Your angel gestures.
Your angel is healed somewhat.
Fewnecva hits you!
You die...

▓▓▓ ▓▓▓▓.▓▓▓▓
▓▓.......▓▓
▓▓......Y..▓▓
▓....41..5..▓
▓▓)∩52848A...▓▓
▓.?4$@&2245∩..▓
▓▓.∩:38.8....▓▓
▓...43Y14...▓
▓▓....Y....▓▓
▓▓...Y...▓▓
▓▓▓▓.▓▓▓▓ ▓▓▓


You could see Fewnecva, a Tzitzimitl, an Ice Fiend, a cacodemon, 2 ice statues,
an orange crystal statue, an obsidian statue, a shadow demon, 3 orange demons, a
hellwing, an ice devil, a rust devil, 2 sixfirhies, a tormentor, 4 ice beasts, a
quasit, a shadow imp, an ufetubus and a friendly angel.

Vanquished Creatures
  Mara (Vaults:2)
  Mennas (Vaults:3)
  3 juggernauts (Depths:2)
  Sojobo (Vaults:2)
  Margery (Depths:3)
  2 golden dragons (Depths:2)
  Nikola (Swamp:2)
  A tentacled monstrosity (Depths:2)
  Jorgrun (Swamp:1)
  2 deep elf blademasters
  A lich (Depths:3)
  Asterion (Vaults:1)
  3 sphinxes
  Gastronok (Lair:1)
  4 tengu reavers
  Kirke (Swamp:1)
  10 nagarajas
  2 shadow dragons (Depths:2)
  Donald (Swamp:4)
  An azure jelly (Swamp:4)
  7 fire giants
  3 deep elf sorcerers
  An iron dragon (Depths:2)
  A daeva (Depths:4)
  7 frost giants
  2 orc warlords
  9 vault wardens
  An angel (Depths:4)
  3 deep elf elementalists
  Aizul (Snake:3)
  A spriggan defender (Depths:2)
  11 ironheart preservers
  A war gargoyle (Vaults:1)
  6 very ugly things
  3 deep elf demonologists
  17 stone giants
  6 deep elf annihilators
  The ghost of KCGemini the Ripper, a journeyman FeBe of Trog (Swamp:4)
  A vampire knight (Depths:2)
  Azrael (D:12)
  2 spark wasps (Depths:2)
  13 ettins
  4 deep elf death magi
  10 yaktaur captains
  The ghost of sand the Cleaver, a journeyman HOFi of Nemelex Xobeh (Orc:1)
  8 fire dragons
  Josephine (D:15)
  A mummy priest (Zig:2)
  2 deep elf high priests
  A great orb of eyes (Depths:2)
  15 naga warriors
  Fannar (Orc:1)
  Harold (Lair:2)
  2 rakshasas
  2 catoblepae
  2 ghost crabs
  6 vault guards
  19 hydras
  7 ice dragons
  A shambling mangrove (Swamp:2)
  2 spriggan air magi
  10 centaur warriors
  13 anacondas
  22 dancing weapons
  4 death knights
  8 deep troll shamans
  Erica (D:10)
  14 alligators
  9 ogre magi
  26 two-headed ogres
  An alligator (shapeshifter) (Vaults:3)
  5 deep troll earth magi
  A tengu warrior (Depths:2)
  10 shock serpents
  Urug (Orc:2)
  4 spriggan berserkers (Depths:4)
  18 deep elf knights
  10 naga sharpshooters
  8 hell knights
  3 orc high priests
  10 spriggans
  Nergalle (Orc:2)
  An iron troll (Depths:3)
  6 skeletal warriors
  5 large abominations
  A shadow wraith (Vaults:3)
  A sea snake (shapeshifter) (Depths:2)
  3 unseen horrors
  4 salamander mystics
  A spriggan druid (Swamp:4)
  2 glowing orange brains
  10 deep elf archers
  9 naga ritualists
  4 swamp dragons
  24 deep trolls
  Pikel (D:8)
  6 necromancers
  4 wizards
  5 lindwurms
  12 orc knights
  11 ironbrand convokers
  An obsidian statue (Vaults:4)
  A sphinx zombie (Vaults:4)
  2 phantasmal warriors
  40 deep elf magi
  A wolf spider zombie (D:15)
  7 orc sorcerers
  A frost giant zombie (Vaults:4)
  24 ugly things
  15 mana vipers
  4 cyclopes
  5 wolf spiders
  13 salamanders
  3 manticores
  An elephant (Lair:6)
  9 guardian serpents
  40 black mambas
  22 naga magi
  10 vault sentinels
  2 gargoyles
  17 spiny frogs
  4 rime drakes
  A titan simulacrum (Vaults:4)
  A human zombie (Vaults:2)
  13 komodo dragons
  A kobold demonologist (D:13)
  11 freezing wraiths
  51 yaktaurs
  A rime drake (shapeshifter) (Elf:3)
  An efreet (D:13)
  A yaktaur skeleton (Vaults:2)
  An anaconda simulacrum (Abyss:2)
  7 trolls
  An entropy weaver simulacrum (Vaults:2)
  3 tengu conjurers
  A meliai (D:15)
  A tengu simulacrum (Vaults:2)
  11 polar bears
  A wind drake (shapeshifter) (Depths:4)
  Prince Ribbit (D:4)
  18 hornets
  A hornet (shapeshifter) (Vaults:2)
  3 raiju (Lair:6)
  66 slime creatures
  8 tyrant leeches
  38 blink frogs
  5 bog bodies
  10 dream sheep
  A stone giant simulacrum (Vaults:3)
  A centaur simulacrum (D:15)
  8 hippogriffs
  2 shadows
  5 air elementals
  A spriggan (shapeshifter) (Depths:2)
  A vampire (D:15)
  11 fire elementals
  46 yaks
  3 wyverns
  A fire bat (Volcano)
  4 water elementals
  7 wraiths
  2 chaos spawn (Depths:1)
  5 hogs (Swamp:1)
  2 steam dragons
  6 basilisks
  Grum (D:8)
  2 hungry ghosts
  28 vampire mosquitoes
  5 swamp worm simulacra (Swamp:4)
  49 nagas
  3 acid dragons
  11 wargs
  3 soldier ants (D:12)
  A water moccasin (shapeshifter) (Depths:2)
  3 insubstantial wisps (Swamp:3)
  14 hydra simulacra (Swamp:4)
  18 swamp worms
  17 water moccasins
  6 porcupines
  11 black bears (Lair:6)
  2 ice beasts
  9 swamp drakes
  16 hell hounds
  45 orc warriors
  3 sky beasts
  2 slaves (D:8)
  2 black bears (shapeshifter)
  6 phantoms
  A necrophage (D:10)
  38 ogres
  2 eyes of draining
  11 boggarts
  25 wolves
  13 centaurs
  3 human skeletons (Vaults:3)
  15 crocodiles
  6 big kobolds
  5 small abominations (Depths:1)
  12 bullfrogs
  4 gnoll sergeants
  Blork the orc (D:5)
  A wyvern skeleton (D:13)
  3 scorpions
  6 killer bees (D:10)
  A human simulacrum (Vaults:2)
  5 howler monkeys
  7 wights
  An electric eel (Lair:2)
  7 crimson imps
  6 centaur zombies
  A bullfrog zombie (D:9)
  36 orc wizards
  A bullfrog skeleton (D:13)
  A gnoll shaman (D:9)
  2 quasits
  21 orc priests
  7 centaur skeletons
  9 hounds
  7 jellies
  7 iguanas
  Natasha (twice) (D:3)
  10 worker ants
  A killer bee zombie (D:7)
  3 hound zombies
  A hound skeleton (D:8)
  Robin (D:2)
  18 gnolls
  16 adders
  4 shadow imps
  3 swamp drake simulacra (Swamp:4)
  An ooze (D:1)
  An adder skeleton (D:5)
  A worm (D:2)
  3 dart slugs
  7 leopard geckos
  122 orcs
  2 ball pythons
  5 giant cockroaches
  15 goblins
  9 hobgoblins
  6 jackals
  24 kobolds
  3 quokkas
  8 bats
  3 frilled lizards
  A quokka zombie (D:6)
  10 rats
  2 fungi (Lair:6)
  3 plants
1904 creatures vanquished.

Vanquished Creatures (collateral kills)
  A deep elf blademaster (Elf:3)
  2 deep elf master archers (Elf:3)
  A daeva (Depths:4)
  3 deep elf sorcerers (Elf:3)
  Louise (Elf:3)
  A vault warden (Vaults:2)
  A deep elf elementalist (Elf:3)
  2 ironheart preservers (Vaults:2)
  A stone giant (Vaults:4)
  A very ugly thing (Vaults:2)
  6 deep elf annihilators
  3 deep elf death magi
  A fire dragon (Vaults:2)
  A deep elf high priest (Elf:3)
  A vault guard (Vaults:1)
  An ice dragon (Vaults:1)
  2 anacondas (Snake:4)
  A naga warrior (Snake:4)
  5 ogre magi
  3 dancing weapons
  4 two-headed ogres
  4 small abominations
  2 tengu warriors
  2 salamander mystics (Snake:4)
  3 deep elf knights
  2 hell knights (Depths:4)
  An unseen horror (Vaults:1)
  A glowing orange brain (Vaults:4)
  A death drake (shapeshifter) (Vaults:4)
  2 deep trolls
  2 deep elf archers
  An ironbrand convoker (Vaults:4)
  3 necromancers
  A mana viper (Snake:4)
  18 deep elf magi
  2 cyclopes
  2 ugly things
  A black mamba (Snake:4)
  4 vault sentinels
  2 naga magi (Snake:4)
  12 yaktaurs
  A yaktaur zombie (Vaults:2)
  A yaktaur (shapeshifter) (Vaults:4)
  3 freezing wraiths
  A guardian mummy (Zig:2)
  2 meliai (D:15)
  A tyrant leech (Swamp:1)
  8 slime creatures
  2 human simulacra (Vaults:2)
  A flying skull (Zig:2)
  A spriggan (shapeshifter) (Vaults:1)
  A warg (Vaults:1)
  2 swamp worms (Swamp:1)
  2 swamp drakes (Swamp:1)
  4 ogres
  A centaur (Vaults:4)
  A human zombie (Vaults:2)
  An earth elemental (Elf:2)
  A human skeleton (Vaults:2)
  A wight (Vaults:2)
  An orc priest (Orc:2)
  2 orc wizards (Orc:2)
  2 mummies (Zig:2)
  2 crawling corpses (Elf:3)
150 creatures vanquished.

Vanquished Creatures (others)
  A deep elf elementalist (Elf:3)
  A two-headed ogre (Volcano)
  A hornet (Swamp:3)
  An orc warrior (Orc:2)
  An earth elemental (Elf:2)
  A jelly (D:12)
  An iguana (Lair:6)
  A crawling corpse (Elf:3)
  4 fungi
  23 plants
35 creatures vanquished.

Grand Total: 2089 creatures vanquished

Notes
Turn   | Place    | Note
-------+----------+-------------------------------------------
     0 | D:1      | deadmann the Minotaur Fighter began the quest for the Orb.
     0 | D:1      | Reached XP level 1. HP: 19/19 MP: 0/0
    68 | D:1      | Reached XP level 2. HP: 23/27 MP: 1/1
   191 | D:1      | Reached skill level 4 in Shields
   389 | D:1      | Reached XP level 3. HP: 33/33 MP: 2/2
  1017 | D:2      | Reached XP level 4. HP: 40/40 MP: 3/3
  1098 | D:2      | Noticed Robin
  1129 | D:2      | Killed Robin
  1245 | D:2      | Found a white marble altar of Elyvilon.
  1325 | D:2      | Found a sparkling altar of Nemelex Xobeh.
  1633 | D:3      | Reached XP level 5. HP: 46/46 MP: 4/4
  1722 | D:3      | Reached skill level 5 in Shields
  1845 | D:3      | Noticed Natasha
  1849 | D:3      | Killed Natasha
  1880 | D:3      | Noticed Natasha
  1889 | D:3      | Killed Natasha
  2677 | D:4      | Reached XP level 6. HP: 49/53 MP: 5/5
  2818 | D:4      | Reached skill level 5 in Axes
  2862 | D:4      | Found a staircase to the Ecumenical Temple.
  2952 | Temple   | Entered the Ecumenical Temple
  3191 | Temple   | Became a worshipper of the Shining One
  3291 | D:4      | Reached skill level 5 in Armour
  3291 | D:4      | Reached skill level 6 in Shields
  3435 | D:4      | Reached skill level 5 in Fighting
  3435 | D:4      | Reached XP level 7. HP: 34/61 MP: 6/6
  4046 | D:5      | Entered Level 5 of the Dungeon
  4046 | D:5      | Noticed Prince Ribbit
  4073 | D:4      | Killed Prince Ribbit
  4175 | D:5      | Reached skill level 7 in Shields
  4410 | D:4      | Got a brightly glowing short sword
  4411 | D:4      | Identified the cursed +0 short sword of Flawed Execution
                  | {elec, Int+6} (You found it on level 4 of the Dungeon)
  4533 | D:5      | Noticed Blork the orc
  4547 | D:5      | Killed Blork the orc
  4547 | D:5      | Reached XP level 8. HP: 70/70 MP: 7/7
  5381 | D:5      | Reached skill level 8 in Shields
  6146 | D:6      | Reached * piety under the Shining One
  6390 | D:6      | Found a shimmering blue altar of Sif Muna.
  6390 | D:6      | Found an ancient bone altar of Kikubaaqudgha.
  6391 | D:6      | Found a stormy altar of Qazlal.
  6776 | D:7      | Reached skill level 9 in Shields
  6776 | D:7      | Reached XP level 9. HP: 78/78 MP: 8/8
  7005 | D:7      | Found Uthreosim's Book Emporium.
  7008 | D:7      | Found Tanomuyf's Jewellery Boutique.
  7027 | D:7      | Bought the ring of Seupnaej {rF+ Str+3 Int-4 Dex+4} for 383
                  | gold pieces
  7055 | D:7      | Found Ponkad's Book Shop.
  7172 | D:7      | Found Niyshaec's Armour Emporium.
  7513 | D:7      | Found Retz's Antique Weapon Shop.
  7710 | D:8      | Reached skill level 10 in Shields
  7872 | D:8      | Reached ** piety under the Shining One
  7890 | D:8      | Reached skill level 10 in Axes
  7892 | D:8      | Noticed Grum
  7907 | D:8      | Killed Grum
  8167 | D:8      | Reached XP level 10. HP: 79/88 MP: 9/9
  8282 | D:8      | Noticed a three-headed hydra
  8293 | D:8      | Killed a three-headed hydra
  8293 | D:8      | Reached skill level 11 in Shields
  8436 | D:8      | Noticed Pikel
  8446 | D:8      | Killed Pikel
  8713 | D:9      | Noticed an unseen horror
  8718 | D:9      | Killed an unseen horror
  9085 | D:9      | Got a pair of jewelled boots
  9091 | D:9      | Identified the +1 pair of boots "Echaicw" {Regen+ Int+7}
                  | (You found it on level 9 of the Dungeon)
  9114 | D:9      | Reached skill level 12 in Shields
  9190 | D:9      | Reached *** piety under the Shining One
  9225 | D:8      | Reached XP level 11. HP: 74/97 MP: 10/10
  9346 | D:9      | Found a staircase to the Lair.
  9383 | D:9      | Found a blossoming altar of Fedhas.
  9408 | D:9      | Noticed a two-headed ogre
  9462 | D:8      | Killed a two-headed ogre
  9546 | D:9      | Reached skill level 1 in Invocations
  9753 | D:9      | Found Weipav's General Store.
 10031 | D:7      | Bought a polished broad axe for 198 gold pieces
 10031 | D:7      | Identified the +9 broad axe of Terra Nullius {protect, rF+
                  | rC+ MR+ MP+9} (You bought it in a shop on level 7 of the
                  | Dungeon)
 10262 | Lair:1   | Entered Level 1 of the Lair of Beasts
 10275 | D:10     | Entered Level 10 of the Dungeon
 10301 | D:10     | Identified Qithor's Grimoire of Bewitchment and Lightness
 10447 | D:10     | Noticed Erica
 10453 | D:10     | Killed Erica
 10560 | D:10     | Found Okiwik's Book Emporium.
 11059 | D:10     | Reached skill level 13 in Shields
 11635 | D:11     | Found a staircase to the Orcish Mines.
 11638 | D:11     | Found Kudaun's Armour Emporium.
 11649 | D:11     | Reached skill level 10 in Fighting
 11649 | D:11     | Reached skill level 10 in Armour
 11669 | D:11     | Bought a scarf of repulsion for 156 gold pieces
 11760 | D:11     | Noticed a purple ugly thing
 11774 | D:11     | Killed a purple ugly thing
 12038 | D:11     | Found Duguit's Food Emporium.
 12100 | D:11     | Reached **** piety under the Shining One
 12106 | D:11     | Reached XP level 12. HP: 106/106 MP: 13/13
 12122 | D:11     | Noticed a two-headed ogre
 12129 | D:11     | Killed a two-headed ogre
 12251 | D:10     | Upgraded the game from 0.24.0-3-g28a8eb0610 to
                  | 0.24.0-7-gb3623d2c88
 12277 | Lair:1   | Noticed Gastronok
 12308 | Lair:1   | Killed Gastronok
 12576 | Lair:1   | Reached skill level 14 in Shields
 13364 | Lair:2   | Reached skill level 5 in Invocations
 13401 | Lair:2   | Noticed Harold
 13414 | Lair:2   | Killed Harold
 13422 | Lair:2   | Noticed a seven-headed hydra
 13433 | Lair:2   | Killed a seven-headed hydra
 13577 | Lair:2   | Found a staircase to the Snake Pit.
 14191 | Lair:3   | Reached XP level 13. HP: 114/114 MP: 16/16
 14216 | Lair:2   | Reached skill level 15 in Shields
 14444 | Lair:3   | Reached skill level 15 in Axes
 15494 | Lair:3   | Found a staircase to the Swamp.
 15929 | Lair:4   | Reached skill level 16 in Shields
 16173 | D:7      | Bought a +1 pair of gloves for 161 gold pieces
 16415 | Lair:5   | Found a staircase to the Slime Pits.
 16709 | Lair:5   | Got a shimmering pewter ring
 17208 | Lair:6   | Entered Level 6 of the Lair of Beasts
 17522 | Lair:6   | Reached XP level 14. HP: 118/122 MP: 18/18
 17916 | Lair:6   | Reached ***** piety under the Shining One
 18017 | Lair:6   | Reached skill level 17 in Shields
 19227 | D:11     | Identified the ring of Zeaweil {*Tele Dex+2} (You found it
                  | on level 5 of the Lair of Beasts)
 19271 | D:12     | Noticed Azrael
 19296 | D:12     | Killed Azrael
 19770 | D:12     | Reached ****** piety under the Shining One
 20030 | Orc:1    | Entered Level 1 of the Orcish Mines
 20047 | Orc:1    | Found a dark tunnel.
 20052 | Volcano  | Entered a volcano
 20175 | Volcano  | Reached skill level 18 in Shields
 20761 | Orc:1    | Noticed Fannar
 20780 | Orc:1    | Killed Fannar
 21204 | Orc:1    | Reached XP level 15. HP: 128/128 MP: 20/20
 21373 | Orc:1    | Noticed an orc warlord
 21393 | Orc:1    | Killed an orc warlord
 21624 | Orc:1    | Found a runed translucent door.
 21624 | Orc:1    | Noticed sand's ghost (journeyman HOFi)
 21739 | Orc:1    | Orcish Mines:1
 21760 | Orc:1    | Killed sand's ghost
 21804 | Orc:2    | Entered Level 2 of the Orcish Mines
 22221 | Orc:2    | Noticed an orc warlord
 22233 | Orc:2    | Noticed Nergalle
 22245 | Orc:2    | Killed an orc warlord
 22248 | Orc:2    | Noticed Urug
 22251 | Orc:2    | Killed Nergalle
 22274 | Orc:2    | Killed Urug
 22274 | Orc:2    | Reached skill level 10 in Invocations
 22312 | Orc:2    | Found a roughly hewn altar of Beogh.
 22318 | Orc:2    | Found Vyimysef's Antique Armour Shop.
 22362 | Orc:2    | Found Haliush's General Store.
 22370 | Orc:2    | Bought a wand of polymorph (1) for 39 gold pieces
 22370 | Orc:2    | Bought a potion of haste for 130 gold pieces
 22370 | Orc:2    | Bought a scroll of remove curse for 39 gold pieces
 22370 | Orc:2    | Bought a scroll of identify for 26 gold pieces
 22386 | Orc:2    | Bought a pair of embroidered boots for 247 gold pieces
 22445 | Orc:2    | Found Wulitaxt's Jewellery Shop.
 22451 | Orc:2    | Bought an uncursed amulet of faith for 600 gold pieces
 22552 | Orc:2    | Found Veraz's Antique Weapon Shop.
 22660 | Orc:2    | Found a staircase to the Elven Halls.
 23051 | D:7      | Bought the ring of the Monkey {rPois Dex+4} for 354 gold
                  | pieces
 23269 | Swamp:1  | Entered Level 1 of the Swamp
 23412 | Swamp:1  | Noticed Jorgrun
 23426 | Swamp:1  | Killed Jorgrun
 23766 | Swamp:1  | Noticed Kirke
 24139 | Swamp:1  | Reached skill level 19 in Shields
 24568 | Swamp:1  | Killed Kirke
 25325 | Swamp:2  | Noticed Nikola
 25350 | Swamp:2  | Killed Nikola
 26035 | Swamp:2  | Reached XP level 16. HP: 136/139 MP: 23/23
 26892 | Swamp:4  | Entered Level 4 of the Swamp
 27147 | Swamp:4  | Reached skill level 20 in Shields
 27367 | Swamp:4  | Noticed Donald
 27391 | Swamp:4  | Killed Donald
 27440 | Swamp:4  | Found a large runed translucent door.
 27444 | Swamp:4  | Found a large runed translucent door.
 27449 | Swamp:4  | Noticed KCGemini's ghost (journeyman FeBe)
 27452 | Swamp:4  | Found the +9 sword of Zonguldrok {reap}
 28074 | Swamp:4  | Killed KCGemini's ghost
 28285 | Swamp:4  | Got a decaying rune of Zot
 28594 | Snake:1  | Entered Level 1 of the Snake Pit
 29205 | Snake:1  | Reached XP level 17. HP: 150/150 MP: 25/25
 29556 | Snake:2  | Found the +2 shield of Resistance {rF+ rC+ MR+}
 29585 | Snake:2  | Reached skill level 21 in Shields
 29797 | Snake:2  | Found an ancient bone altar of Kikubaaqudgha.
 30046 | Snake:2  | Found Pyabiona's Gadget Boutique.
 30046 | Snake:2  | Found Fenacavy's Jewellery Emporium.
 30047 | Snake:2  | Found Waoxtesk's Jewellery Emporium.
 30054 | Snake:2  | Bought a wand of acid (7) for 242 gold pieces
 30054 | Snake:2  | Bought a lamp of fire for 440 gold pieces
 30056 | Snake:2  | Bought an uncursed ring of protection from magic for 350
                  | gold pieces
 30368 | Snake:3  | Noticed Aizul
 30386 | Snake:3  | Killed Aizul
 30967 | Snake:3  | Found Faoptiaq's Antique Armour Shop.
 30968 | Snake:3  | Found Gotabugg's Assorted Antiques.
 30968 | Snake:3  | Found Bistroott's Antique Weapon Boutique.
 30971 | Snake:3  | Found Qaazus Ceo's Magic Scroll Boutique.
 31429 | Snake:4  | Entered Level 4 of the Snake Pit
 31812 | Snake:4  | Found Leinig's Gadget Shop.
 31881 | Snake:4  | Reached skill level 22 in Shields
 31975 | Snake:4  | Reached XP level 18. HP: 79/161 MP: 20/26
 32949 | Snake:4  | Reached skill level 15 in Fighting
 32997 | Snake:4  | Got a serpentine rune of Zot
 33482 | D:13     | Reached skill level 15 in Armour
 34148 | Snake:3  | Bought a runed war axe for 234 gold pieces
 34384 | D:14     | Found Voschawups's Gadget Shop.
 34660 | D:14     | Found a gate to the Vaults.
 34717 | D:14     | Found Emoomain's Weapon Emporium.
 34798 | D:14     | Found Jusuocy's Weapon Shop.
 35266 | D:15     | Entered Level 15 of the Dungeon
 35419 | D:15     | Reached skill level 23 in Shields
 35513 | D:15     | Noticed Josephine
 35519 | D:15     | Killed Josephine
 36490 | D:15     | Found a staircase to the Depths.
 36574 | Vaults:1 | Entered Level 1 of the Vaults
 36767 | Vaults:1 | Reached XP level 19. HP: 154/170 MP: 28/28
 36867 | Vaults:1 | Reached skill level 24 in Shields
 37386 | Vaults:1 | Noticed Asterion
 37398 | Vaults:1 | Killed Asterion
 37787 | Vaults:2 | Found a staircase to the Crypt.
 37796 | Vaults:2 | Found Sawnioro's Book Emporium.
 37860 | Vaults:2 | Found Woyt's Assorted Antiques.
 37877 | Vaults:2 | Found a flickering gateway to a bazaar.
 37887 | Bazaar   | Entered a bazaar
 37887 | Bazaar   | Found Nivit's General Store.
 37887 | Bazaar   | Found Livefacka's Book Shoppe.
 37887 | Bazaar   | Found Anemaw's Distillery.
 37889 | Bazaar   | Found Qugadwof's Jewellery Emporium.
 37900 | Bazaar   | Bought a potion of lignification for 27 gold pieces
 37900 | Bazaar   | Bought a potion of lignification for 27 gold pieces
 37900 | Bazaar   | Bought a potion of haste for 90 gold pieces
 37903 | Bazaar   | Bought a scroll of enchant armour for 112 gold pieces
 37993 | Vaults:2 | Identified the +2 plate armour of Qazlal's Outrage {rPois
                  | Str+2 Dex+2}
 38276 | Vaults:2 | Found Wockar's Gadget Shop.
 38463 | Vaults:2 | Noticed Mara
 38467 | Vaults:2 | Noticed deadmann's illusion
 38480 | Vaults:2 | Killed Mara
 38480 | Vaults:2 | Reached skill level 25 in Shields
 38699 | Vaults:2 | Noticed Sojobo
 38728 | Vaults:2 | Killed Sojobo
 39152 | Vaults:3 | Noticed Mennas
 39188 | Vaults:3 | Killed Mennas
 39586 | Vaults:3 | Reached XP level 20. HP: 183/183 MP: 29/29
 42208 | Vaults:4 | Identified a scroll of acquirement
 42211 | Vaults:4 | Got a blackened hat
 42222 | Vaults:4 | Identified the +2 hat of Naoqo {+Blink rPois rF+} (You
                  | acquired it on level 4 of the Vaults)
 42451 | Elf:1    | Entered Level 1 of the Elven Halls
 42505 | Elf:1    | Found an ancient bone altar of Kikubaaqudgha.
 42554 | Elf:1    | Found Omiwongo's Weapon Emporium.
 42659 | Elf:1    | Found Jaaple's Gadget Shoppe.
 42670 | Elf:1    | Reached XP level 21. HP: 196/196 MP: 30/30
 42857 | Elf:1    | Identified Wugeq's Volume of Creative Combat Magic
 43023 | Elf:1    | Found Wodiatod's Antique Weapon Shop.
 43034 | Elf:1    | Bought a runed war axe for 247 gold pieces
 43725 | Elf:2    | Found a huge runed translucent gate.
 43725 | Elf:2    | Found a huge runed translucent gate.
 43730 | Elf:2    | Found a huge runed translucent gate.
 43731 | Elf:2    | Found a huge runed translucent gate.
 43731 | Elf:2    | Found a huge runed translucent gate.
 44120 | Elf:2    | Got a faintly glowing ivory ring
 44134 | Elf:2    | Identified the ring "Ifiaz" {MR+ Str+2 Dex-5 SInv Stlth+}
                  | (You found it on level 2 of the Elven Halls)
 44944 | Elf:3    | Entered Level 3 of the Elven Halls
 45000 | Elf:3    | Cast into level 2 of the Abyss (+4 dire flail of
                  | distortion)
 45020 | Abyss:2  | Found a corrupted altar of Lugonu.
 45050 | Elf:3    | Escaped the Abyss
 45624 | Elf:3    | Identified the ring of Creativity {+Inv rElec rPois rF++
                  | rC+ Stlth-}
 45672 | Elf:3    | Gained mutation: You are partially covered in iridescent
                  | scales. (AC +2) [potion of mutation]
 45672 | Elf:3    | Gained mutation: You have a pair of large horns on your
                  | head. [potion of mutation]
 45833 | Elf:3    | Found Fupav's Assorted Antiques.
 46161 | Elf:3    | Identified the +9 executioner's axe "Porrior" {speed, rElec
                  | Dex+4}
 46337 | Elf:3    | Noticed Louise
 46343 | Elf:3    | Killed Louise
 46347 | Elf:3    | Identified the Compendium of the Blaze and Poisoning
 46362 | Elf:3    | Found the +10 large shield of Ignorance {rN+ Int-4}
 46484 | Elf:3    | Lost intelligence.
 46614 | Elf:3    | Got an ancient fustibalus
 46956 | Depths:1 | Entered Level 1 of the Depths
 46965 | Depths:1 | Found a one-way gate to the infinite horrors of the Abyss.
 47096 | Depths:1 | You fall into a shaft and drop 1 floor!
 47135 | Depths:2 | Reached XP level 22. HP: 211/211 MP: 31/31
 47227 | Depths:2 | Noticed a juggernaut
 47245 | Depths:2 | Killed a juggernaut
 47371 | Depths:2 | Noticed a golden dragon
 47393 | Depths:2 | Killed a golden dragon
 47487 | Depths:2 | Paralysed by a vampire knight for 2 turns
 47713 | Depths:2 | Noticed a golden dragon
 47731 | Depths:2 | Killed a golden dragon
 47771 | Depths:2 | Found an iron altar of Okawaru.
 47772 | Depths:2 | Found a shimmering blue altar of Sif Muna.
 47779 | Depths:2 | Found a hazy altar of Hepliaklqana.
 47807 | Depths:2 | Noticed a juggernaut
 47820 | Depths:2 | Killed a juggernaut
 48083 | Depths:2 | Found a gateway to Hell.
 48411 | Depths:2 | Noticed a juggernaut
 48436 | Depths:2 | Killed a juggernaut
 48581 | Depths:2 | Lost intelligence.
 48683 | Depths:3 | Found a one-way gate leading to the halls of Pandemonium.
 48796 | Depths:3 | Noticed Margery
 48809 | Depths:3 | Reached XP level 23. HP: 223/223 MP: 32/32
 48814 | Depths:3 | Killed Margery
 49257 | Depths:3 | Found a shimmering altar of Xom.
 49910 | Vaults:2 | Bought a phial of floods for 600 gold pieces
 50152 | Snake:3  | Bought a scroll of enchant armour for 150 gold pieces
 50152 | Snake:3  | Bought a scroll of enchant weapon for 150 gold pieces
 50152 | Snake:3  | Bought a scroll of holy word for 150 gold pieces
 50433 | Vaults:2 | Bought 2 potions of haste for 600 gold pieces
 50433 | Vaults:2 | Bought a scroll of teleportation for 90 gold pieces
 50433 | Vaults:2 | Bought a potion of curing for 90 gold pieces
 51128 | Depths:4 | Found a gateway to a ziggurat.
 51340 | Zig:1    | Entered Level 1 of a ziggurat
 51351 | Zig:2    | Entered Level 2 of a ziggurat
 51378 | Zig:3    | Entered Level 3 of a ziggurat
 51406 | Zig:4    | Entered Level 4 of a ziggurat
 51408 | Zig:4    | Noticed Fewnecva the pandemonium lord
 51417 | Zig:4    | Lost intelligence.
 51420 | Zig:4    | HP: 11/228 [sixfirhy[an orange crystal statue] (2)]
 51421 | Zig:4    | HP: 5/228 [orange demon[an orange crystal statue] (5)]
 51421 | Zig:4    | Slain by Fewnecva the pandemonium lord

Levels and vault maps discovered:
D:1:      nzn_arrival_settlement, layout_loops_ring,
          chequers_serial_rivers_micro_d, minivault_11
D:2:      kennysheep_big_flooded_room, layout_loops_ring, lemuel_round_altar,
          minmay_misc_feat_tower, nemelex_diamond_rough_becter, uniq_robin
D:3:      layout_basic, first_ration, uniq_natasha
D:4:      layout_loops_ring, minmay_temple_entry_proselytizer
D:5:      layout_loops_ring, uniq_prince_ribbit1, uniq_blork_the_orc
D:6:      layout_rooms, chequers_temple_overflow_statue_of_worship
D:7:      layout_basic, serial_shops, shop, shop,
          nicolae_shop_temple_entry_statues_fountains, nicolae_shop_trees,
          nicolae_shop_waterfront
D:8:      layout_rooms, dk_noncrumbling_3, hangedman_ranch
          [blue_anna_fruit_fields], uniq_pikel, uniq_grum
D:9:      layout_big_octagon, minmay_lair_entry_grove, serial_gnoll_camp,
          gnoll_camp_mini_hut, gnoll_camp_huts_basic, gnoll_camp_mini_hut,
          gnoll_camp_mini_shop, fedhas_bush_and_centaur_altar
D:10:     layout_basic, serial_shops, nicolae_shop_crystal,
          minmay_fractal_squares_gapless_7, uniq_erica
D:11:     layout_roguey, orc_david_3, serial_shops, shop
D:12:     layout_rooms, serial_co_window_serial, co_window_of_opportunity_a,
          co_window_paths_b, co_window_corner_a, co_window_paths_b,
          co_window_corner_a, co_window_corner_a, co_window_broadway_b,
          co_window_broadway_c, co_window_corner_b, co_window_2corner,
          co_window_of_opportunity_b, co_window_paths_c, glass_columns_c,
          glass_columns_a, glass_columns_a, minmay_circle_x, uniq_azrael
D:13:     layout_rooms, kennysheep_generic_room_9
D:14:     layout_irregular_city, david_vaults_5, infiniplex_staircase_spiral,
          serial_shops, shop_statue, shop, shop, shop_statue
D:15:     grunt_enter_depths_magical_seal, layout_loops_cross,
          serial_bayou_lagoon_a, hex_large, minmay_crystal_room, uniq_josephine
Temple:   dpeg_five_rooms_temple
Lair:1:   layout_hall_layers, minmay_lair_oklob_chamber, uniq_gastronok
Lair:2:   layout_gridlike, minmay_snake_entry_guardpost_small, minivault_26,
          serial_bayou_shore_a, uniq_harold
Lair:3:   layout_small_grid, palyth_hydra_swamp_entry, serial_forest,
          infiniplex_forest_zigzag_1, infiniplex_forest_lined_room_3,
          infiniplex_forest_corner_1, infiniplex_forest_join,
          infiniplex_forest_lined_room_3, infiniplex_forest_lined_room_2,
          infiniplex_forest_straight_4, serial_bayou_pond_e
Lair:4:   layout_cave_shapes, infiniplex_staircase_pool_2
Lair:5:   layout_loops_ring, minmay_slime_entry_pillars, lemuel_fruit_tree,
          infiniplex_staircase_pool
Lair:6:   guppyfry_lair_end_dragon, layout_cave_pods,
          hangedman_lair_caniforms_friends, grunt_forest_small_clearings,
          st_stairs_10
Swamp:1:  layout_falls_marsh, evilmike_swamp_ruin_house_6, uniq_kirke,
          uniq_jorgrun
Swamp:2:  layout_basic_swamp, serial_swamp_ruin, evilmike_swamp_ruin_house_3,
          evilmike_swamp_ruin_house_2, evilmike_swamp_ruin_house_1, uniq_nikola
Swamp:3:  layout_basic_swamp, evilmike_swamp_ruin_house_4
Swamp:4:  swamp_icy, layout_basic_swamp, ebering_ghost_disaster_area,
          swamp_pool5, uniq_donald
Snake:1:  layout_onion_interference, grunt_megastairs_4
Snake:2:  layout_misc_corridors, basic_altar, minmay_shop_grove
Snake:3:  layout_gridlike, grunt_megastairs_1, minmay_shoptagon, uniq_aizul
Snake:4:  snake_pit_salamanders_mu, layout_cave_town, serial_shops,
          nicolae_shop_window_shopping
Orc:1:    layout_diamond_mine, nicolae_volcano_entry_s_turn,
          ebering_ghost_inner_flame, elf_legates, uniq_fannar
Orc:2:    grunt_orc_cross, layout_caves
Elf:1:    layout_loops_corners, basic_altar, serial_shops, nicolae_shop_crystal,
          nicolae_shop_crystal, shop, minmay_elf_sorcery, grunt_ministairs_10,
          moated_statue
Elf:2:    layout_geoelf_octagon
Elf:3:    elf_hall, layout_gridlike, serial_shops, shop, serial_glass,
          glass_columns_a, glass_columns_b, minmay_misc_feat_ornament,
          drop_trap, uniq_louise
Vaults:1: grunt_vaults_trifunnel, v_misc_17, hangedman_vaults_cutoff,
          ontoclasm_vaults_ligature, v_misc_2, nicolae_vaults_little_squares_6,
          nicolae_vaults_quadrants, nicolae_vaults_alarming,
          vaults_room_stairs_pillars, v_misc_16, grunt_vaults_diagonal,
          grunt_vaults_focal, vaults_dpeg_ring, v_alt_pattern_1,
          layout_vaults_omnibox, uniq_asterion
Vaults:2: v_alt_pattern_6, nicolae_vaults_yaktaur_gun_rack,
          ontoclasm_vaults_chip, ontoclasm_vaults_twist,
          blue_anna_dwarven_crypt, ontoclasm_vaults_idyll, vaults_room_corners,
          vaults_dpeg_hooks, nicolae_vaults_specimen_jars,
          layout_vaults_omnigrid, serial_shops, bzr_entry_lakeside,
          shop_fountains, nicolae_shop_trees, shop, uniq_sojobo, uniq_mara
Vaults:3: nicolae_vaults_network_star, vaults_dpeg_diagonal, v_misc_2,
          v_misc_29, nicolae_vaults_shelves_hall, v_misc_5, v_misc_3,
          hangedman_vaults_impose, layout_vaults_big_room, uniq_mennas
Vaults:4: nicolae_vaults_network_barrier, nicolae_vaults_circle_grid_b,
          nicolae_vaults_arrows, v_misc_10, nicolae_vaults_statue_guard,
          v_misc_12, vaults_room_pools, ontoclasm_vaults_misaligned,
          nicolae_vaults_network_periphery, vaults_room_stairs_pillars,
          hangedman_vaults_slice, layout_vaults_big_cross
Depths:1: minmay_the_grid_square_5x5_5x5
          [minmay_the_grid_square_5x5_checkered_statues,
          minmay_the_grid_square_5x5_broken_cross,
          minmay_the_grid_square_5x5_inverted_slash,
          minmay_the_grid_square_5x5_mess,
          minmay_the_grid_square_5x5_two_walls_a,
          minmay_the_grid_square_5x5_tri_point,
          minmay_the_grid_square_5x5_prize_itemx,
          minmay_the_grid_square_5x5_longway,
          minmay_the_grid_square_5x5_prize_snowflake,
          minmay_the_grid_square_5x5_beaten_path,
          minmay_the_grid_square_5x5_checkered_sparse,
          minmay_the_grid_square_5x5_v,
          minmay_the_grid_square_5x5_prize_deathbox,
          minmay_the_grid_square_5x5_bite, minmay_the_grid_square_5x5_checkered,
          minmay_the_grid_square_5x5_meh,
          minmay_the_grid_square_5x5_prize_rear_guard,
          minmay_the_grid_square_5x5_doubleslash,
          minmay_the_grid_square_5x5_prize_pseudospiral,
          minmay_the_grid_square_5x5_three_walls,
          minmay_the_grid_square_5x5_sharp_hourglass,
          minmay_the_grid_square_5x5_minimal,
          minmay_the_grid_square_5x5_intrusive_squares,
          minmay_the_grid_square_5x5_six_small,
          minmay_the_grid_square_5x5_misaligned], layout_gridville,
          minmay_room_of_horrors, hell_entry, corexii_corridor_pit,
          kennysheep_generic_room_3
Depths:2: hangedman_slaughterboxes, abyss_entry, serial_shops, hell_entry
Depths:3: due_chaos_kobolds, layout_cave_shapes,
          hangedman_decor_clover_reticule, grunt_metal_band, pan_entry,
          grunt_megastairs_3, minmay_staircase_statues
Depths:4: minmay_outward_triangles, layout_basic, enter_ziggurat_c, hell_entry,
          abyss_entry_crystal, columned_hall_lemuel, hangedman_glass_garden,
          roderic_roman_lattice, minmay_stone_trees_medium, firewood_loft,
          infiniplex_staircase_trident
Zig:4

Skill      XL: |  1  2  3  4  5  6  7  8  9 10 11 12 13 14 15 16 17 18 19 20 21 22 23 |
---------------+----------------------------------------------------------------------+-----
Shields        | 4 5 6 7 9 10 12 13 14 16 18 19 20 22 23 25 | 25.0
Axes           | 3 4 5 6 8 10 11 13 14 16 18 | 18.0
Armour         | 4 5 6 7 9 10 11 13 14 15 16 18 20 22 23 | 23.3
Fighting       | 4 5 6 7 9 10 11 13 14 15 16 19 21 22 23 | 23.7
Invocations    | 3 5 7 9 11 12 13 14 | 14.0

Action                   |  1- 3 |  4- 6 |  7- 9 | 10-12 | 13-15 | 16-18 | 19-21 | 22-24 || total
-------------------------+-------+-------+-------+-------+-------+-------+-------+-------++-------
Melee: War axe           |    89 |   192 |   289 |   206 |       |       |       |       ||   776
       Headbutt          |    12 |    27 |    69 |   152 |   287 |   437 |   422 |   263 ||  1669
       Short sword       |       |       |    60 |       |       |       |       |       ||    60
       Spear             |       |       |       |    19 |    72 |       |       |       ||    91
       Broad axe         |       |       |       |   302 |  1130 |  1557 |  1356 |   688 ||  5033
Throw: Throwing net      |       |       |       |       |     2 |       |       |       ||     2
Invok: Divine Shield     |       |       |       |     3 |     9 |     4 |     6 |     3 ||    25
       Cleansing Flame   |       |       |       |       |     8 |    10 |    11 |     9 ||    38
       Summon Divine War |       |       |       |       |     2 |     4 |    32 |    12 ||    50
 Abil: Evoke Flight      |       |       |       |       |     2 |       |       |       ||     2
       Stop Flying       |       |       |       |       |     1 |       |       |       ||     1
Evoke: Wand              |       |       |       |     1 |    16 |       |     1 |     1 ||    19
       Lamp of fire      |       |       |       |       |       |     1 |     1 |       ||     2
  Use: Scroll            |       |       |     7 |    13 |     7 |     5 |     9 |    11 ||    52
       Potion            |       |       |       |       |     1 |     1 |     1 |     6 ||     9
  Eat: Chunk             |       |     9 |    16 |    15 |    38 |    23 |    26 |    11 ||   138
       Ration            |       |       |     1 |     2 |     1 |     5 |     5 |     2 ||    16
Armor: Scale mail        |    10 |       |       |       |       |       |       |       ||    10
       Crystal plate arm |    79 |   134 |   174 |   191 |   413 |   529 |   314 |   197 ||  2031
       Skin              |       |    10 |       |       |       |       |       |       ||    10
Dodge: Dodged            |     7 |    11 |    42 |   120 |   209 |   179 |    80 |    47 ||   695
       Deflected         |       |       |       |     1 |    14 |    36 |    13 |    11 ||    75
Block: Shield            |    59 |    94 |   168 |   191 |       |       |       |       ||   512
       Large shield      |       |       |       |   221 |  1084 |  1421 |  1043 |   739 ||  4508
